 Dungeon Crawl Stone Soup version 0.23.2-1-ga50397a (webtiles) character file.

Game seed: 8954182587377281786

54 Iscandelvey the Vexing (level 3, 26/26 HPs)
             Began as a Demonspawn Arcane Marksman on Apr 17, 2019.
             Quit the game on level 1 of the Dungeon.
             The game lasted 00:01:58 (1019 turns).

Iscandelvey the Vexing (Demonspawn Arcane Marksman) Turns: 1019, Time: 00:01:59

Health: 26/26      AC:  3    Str: 10    XL:     3   Next: 66%
Magic:  4/4        EV: 12    Int: 15    God:
Gold:   89         SH:  0    Dex: 13    Spells: 3/4 levels left

rFire    . . .     SeeInvis .   a - +0 hand crossbow
rCold    . . .     Gourm    .   (no shield)
rNeg     . . .     Faith    .   e - +0 robe
rPois    .         Spirit   .   (no helmet)
rElec    .         Reflect  .   (no cloak)
rCorr    .         Harm     .   (no gloves)
MR       .....                  (no boots)
Stlth    +.........             (no amulet)
HPRegen  0.08/turn              (no ring)
MPRegen  0.09/turn              (no ring)

@: no status effects
A: rugged brown scales 1, powered by pain 1
a: no special abilities


You were on level 1 of the Dungeon.
You were not hungry.

You visited 1 branch of the dungeon, and saw 2 of its levels.

You collected 89 gold pieces.

Inventory:

Hand Weapons
 a - a +0 hand crossbow (weapon)
Missiles
 d - 6 bolts (quivered)
Armour
 e - a +0 robe (worn)
Scrolls
 g - a scroll of amnesia {unknown}
 h - a scroll of identify {unknown}
 i - a scroll of fear {unknown}
Potions
 b - 3 potions of curing {unknown}
 c - a potion of berserk rage {unknown}
Comestibles
 f - 4 rations


   Skills:
 + Level 1.3 Fighting
 + Level 2.8 Crossbows
 + Level 1.8 Dodging
 + Level 1.0 Spellcasting
 + Level 3.7 Hexes


You had 3 spell levels left.
You knew the following spells:

 Your Spells              Type           Power        Failure   Level  Hunger
a - Corona                Hex            ##.....      5%          1    ##.....

Your spell library contained the following spells:

 Spells                   Type           Power        Failure   Level  Hunger
 Slow                     Hex            ##......     8%          2    ###....
 Inner Flame              Hex/Fire       #.......     34%         3    ####...
 Portal Projectile        Hex/Tloc       #.....       34%         3    ####...
 Cause Fear               Hex            ##........   45%         4    #####..
 Leda's Liquefaction      Hex/Erth       #.........   75%         4    #####..


Dungeon Overview and Level Annotations

Branches:
Dungeon (2/15)

Altars:
Zin

Shops:
D:2 *

Annotations:
D:2 Sigmund


Innate Abilities, Weirdness & Mutations

You are partially covered in rugged brown scales. (AC +1, +3% HP)
You sometimes gain a little power by taking damage.


Message History

You see here 24 arrows.
d - 7 bolts (gained 1)
There is a stone staircase leading up here.
Sigmund shouts!
Sigmund barely misses you.
Sigmund is too close now for your liking.
Firing (i - inventory)
d - 7 bolts (quivered)
Press: ? - help, Shift-Dir - straight line, f - Sigmund
Aim: Sigmund, wielding a +0 scythe and wearing a +0 robe You shoot a bolt.
The bolt closely misses Sigmund.
Sigmund says, "Now you see me, now you don't..."
Sigmund casts a spell.
Sigmund flickers and vanishes!
Deactivating autopickup; reactivate with Ctrl-A.
There is a stone staircase leading up here.
You climb upwards.
Reactivating autopickup.
There is a stone staircase leading down here.
There is an open door here.
Are you sure you want to abandon this character and quit the game? (Confirm with "yes".)

#.........# #..........#.##....#.
#.........# #..........'..'......
#.........# #..........#.##....#.
###.....†)###...###....#.##...##.
#.....)..##.##....####......##.
#........##>.'....+............
#..†........##....######.#####)
#.......######....+......##...#
######### #@...#########.#+#
#....+.......†....
#....##########... ######
#....'... #.####... #.#..)...
#....#... #....#### #....####


There were no monsters in sight!

Vanquished Creatures
  A gnoll (D:1)
  A worm (D:2)
  6 giant cockroaches
  6 goblins (D:1)
  2 hobgoblins (D:1)
  5 kobolds (D:1)
  9 bats
  3 frilled lizards
  6 rats (D:1)
39 creatures vanquished.

Notes
Turn   | Place    | Note
-------+----------+-------------------------------------------
     0 | D:1      | Iscandelvey the Demonspawn Arcane Marksman began the quest
                  | for the Orb.
     0 | D:1      | Reached XP level 1. HP: 15/15 MP: 2/2
   119 | D:1      | Gained mutation: You are partially covered in rugged brown
                  | scales. (AC +1, +3% HP) [demonic ancestry]
   119 | D:1      | Reached XP level 2. HP: 15/21 MP: 3/3
   413 | D:1      | Gained mutation: You sometimes gain a little power by
                  | taking damage. [demonic ancestry]
   413 | D:1      | Reached XP level 3. HP: 25/26 MP: 4/4
   558 | D:2      | Noticed Sigmund
   577 | D:2      | HP: 1/26 [something (10)]
   908 | D:2      | Found Zin's Purification Station.
   916 | D:2      | Found a glowing silver altar of Zin.
  1019 | D:1      | Quit the game

Skill      XL: |  1  2 |
---------------+-------+-----
Crossbows      | 2 |  2.8
Fighting       | |  1.3
Dodging        | |  1.8
Spellcasting   | |  1.0
Hexes          | |  3.7

Action                   || total
-------------------------++-------
 Fire: Hand crossbow     ||    90
Armor: Robe              ||    14
Dodge: Dodged            ||    32
